Map: Echo LE (Void)

Players

Musumeci - Winner!

  • Race: Zerg Zerg
  • League: Diamond
  • Spawn Location: 11:00

FasT

  • Race: Terran Terran
  • League: Diamond
  • Spawn Location: 5:00

VOD

Have the link to the VOD?

Description

Time

  • Played on: Jan. 9, 2017, 9:26 a.m.
  • Length: 9:28
Show
View Real Time Build Order
Export as new Build Order

Musumeci Zerg - Winner!

Build Orders: Hatch First 

Get SALT Encoding   

  12  0:01  Drone  
  13  0:16  Drone  
  13  0:18  Drone, Extractor  
  15  0:40  Hatchery  
  14  0:46  Drone, Extractor  
  15  1:03  Spawning Pool  
  14  1:14  Drone, Extractor x2  
  14  1:17  Drone  
  14  1:21  Overlord  
  16  1:39  Drone x2  
  18  1:46  Drone  
  19  1:51  Queen  
  21  1:58  Queen  
  21  1:59  Drone x2  
  25  2:03  Drone  
  26  2:08  Overlord  
  26  2:13  Drone  
  27  2:27  Queen  
  29  2:33  Queen  
  31  2:38  Overlord  
  31  2:39  Drone  
  31  2:40  Extractor  
  31  2:41  Drone x2  
  34  2:44  Drone  
  34  2:48  Drone  
  34  2:50  Extractor  
  35  2:51  Drone  
  35  2:57  Drone  
  37  3:00  Overlord  
  37  3:08  Overlord  
  37  3:11  Extractor  
  37  3:15  Drone x5  
  42  3:25  Drone  
  42  3:26  Drone  
  45  3:32  Hatchery  
  43  3:35  Extractor  
  43  3:36  Extractor  
  43  3:37  Drone x2  
  43  3:38  Drone, Roach Warren  
  43  3:45  Drone x3  
  46  3:49  Overlord  
  46  4:13  Evolution Chamber  
  46  4:14  Evolution Chamber  
  44  4:31  Roach x6  
  56  4:34  Drone  
  56  4:35  Drone x5  
  62  4:46  Extractor x2  
  62  4:48  Lair  
  62  4:50  Drone x3  
  63  5:05  Drone  
  63  5:06  Drone  
  65  5:14  Drone x2  
  65  5:15  Drone x3  
  65  5:16  Overlord x3  
  65  5:20  Zerg Missile Weapons Level 1  
  70  5:23  Overlord  
  70  5:36  Roach x3  
  70  5:37  Roach x2  
  70  5:38  Zerg Ground Armor Level 1  
  80  5:49  Overlord x2  
  80  5:50  Glial Reconstitution  
  80  6:03  Drone x4  
  84  6:04  Spore Crawler x2  
  84  6:05  Spore Crawler  
  84  6:06  Spore Crawler  
  84  6:08  Drone x2  
  84  6:09  Drone x4  
  84  6:11  Overlord x2  
  86  6:12  Drone x3, Extractor  
  86  6:14  Extractor, Ravager x3  
  90  6:30  Roach x4  
  90  6:31  Roach x5  
  108  6:43  Drone x3  
  108  6:44  Drone x2  
  108  6:45  Drone, Overlord x2  
  114  6:48  Ravager x2  
  116  7:02  Roach  
  116  7:03  Roach x2  
  116  7:06  Overlord  
  116  7:07  Overlord  
  122  7:08  Overlord  
  122  7:11  Ravager x3  
  125  7:19  Drone x2  
  125  7:20  Drone  
  128  7:24  Overlord  
  128  7:25  Overlord  
  128  7:38  Ravager  
  128  7:39  Ravager  
  128  7:40  Roach x7  
  136  8:02  Hatchery  
  114  8:12  Roach  
  113  8:13  Roach x13  
  131  8:25  Roach x9  
  144  8:32  Ravager x2  
  144  8:33  Ravager x2  
  148  8:39  Hatchery  
  147  8:57  Infestation Pit  
  147  8:58  Roach x3  
  147  8:59  Overlord x5  
  152  9:08  Roach x5  
  152  9:09  Extractor  
  161  9:13  Extractor  
Show
View Real Time Build Order
Export as new Build Order

FasT Terran 

Build Orders: Reaper Expand, MMM Bio 

Get SALT Encoding   

  12  0:01  SCV  
  13  0:13  SCV  
  14  0:18  Supply Depot  
  14  0:25  SCV  
  15  0:40  SCV  
  15  0:41  Barracks  
  16  0:44  Refinery  
  16  0:52  SCV  
  17  1:04  SCV  
  18  1:18  SCV  
  19  1:28  Reaper  
  19  1:30  Orbital Command  
  20  1:38  Barracks  
  20  1:54  Command Center  
  20  1:58  SCV  
  21  2:07  Factory  
  21  2:11  SCV  
  22  2:20  Supply Depot  
  22  2:23  Barracks Reactor  
  22  2:36  SCV  
  23  2:44  Barracks Tech Lab  
  23  2:48  SCV  
  23  2:49  Refinery  
  24  2:53  Factory Tech Lab  
  24  3:00  SCV  
  24  3:05  Marine x2  
  25  3:09  Supply Depot  
  25  3:12  Supply Depot  
  27  3:13  SCV  
  27  3:17  Orbital Command  
  28  3:23  Stimpack  
  28  3:25  SCV  
  29  3:37  SCV  
  29  3:39  Siege Tank  
  29  3:40  Marine x3  
  36  3:48  SCV  
  37  3:49  SCV  
  37  3:55  Engineering Bay  
  38  3:58  Marine  
  38  4:00  Starport  
  39  4:08  SCV x2  
  41  4:10  Marine x2  
  41  4:15  Marine  
  44  4:20  Supply Depot  
  44  4:21  Supply Depot  
  44  4:23  SCV x2  
  46  4:29  Terran Infantry Weapons Level 1  
  45  4:35  SCV x2  
  45  4:36  Refinery  
  45  4:37  Refinery  
  47  4:38  Viking  
  47  4:44  Marine x3  
  52  4:48  SCV x2  
  54  5:00  SCV x2  
  54  5:02  Marine x2  
  58  5:12  SCV x2  
  60  5:15  Supply Depot  
  60  5:16  Starport Reactor  
  60  5:17  Siege Tank  
  60  5:18  Marine  
  60  5:20  Marine x2  
  66  5:23  Engineering Bay  
  66  5:24  Combat Shields  
  66  5:25  Armory  
  66  5:27  SCV x2  
  68  5:44  Command Center  
  68  5:46  SCV  
  68  5:47  SCV, Marine x2  
  68  5:48  Marine  
  73  5:58  Siege Tank  
  73  5:59  SCV x2  
  78  6:05  Marine x2  
  78  6:08  Medivac x2  
  78  6:09  Marine  
  85  6:13  Supply Depot  
  85  6:16  Supply Depot  
  85  6:19  Terran Infantry Armor Level 1  
  85  6:22  SCV  
  86  6:35  SCV, Marine x3  
  90  6:41  Barracks  
  90  6:42  Barracks  
  90  6:49  Barracks  
  90  6:53  Marine  
  91  6:56  Barracks x2  
  91  6:57  Terran Infantry Weapons Level 2  
  91  6:58  Terran Vehicle Weapons Level 1  
  91  7:00  SCV  
  92  7:11  Medivac, Siege Tank  
  92  7:12  Medivac  
  99  7:22  SCV x2  
  101  7:23  Orbital Command  
  101  7:29  Marine  
  101  7:30  Barracks Reactor, Marine  
  101  7:34  Barracks Reactor  
  103  7:38  Marine  
  103  7:44  Barracks Reactor  
  104  7:47  Marine  
  97  8:00  Marine x2  
  97  8:01  Marine x2  
  97  8:05  Marine  
  94  8:18  Marine x7  
  94  8:19  Marine  
  101  8:23  Marine  
  100  8:34  SCV x3  
  100  8:35  Marine  
  100  8:36  Marine x3  
  100  8:38  Refinery  
  100  8:39  Refinery  
  100  8:40  Barracks Reactor x2, Marine x4  
  100  8:41  Marine  
  110  8:42  Siege Tank  
  110  8:46  SCV x3  
  110  8:48  Factory  
  116  8:53  Marine  
  117  9:02  Supply Depot x3  
  117  9:11  Supply Depot  
  117  9:12  Supply Depot  
Tags
 
Add a new tag
Caveats
  • Supply blocks, unpowered buildings, or Contaminate may cause inaccurate times.
  • Supply counts are checked every 10 seconds.